 Dungeon Crawl Stone Soup version 0.30.1-11-g7821555f0a (webtiles) character file.

Game seed: 16659840055218442308

26502 Peloso the Carver (level 12, -24/168 HPs)
             Began as a Minotaur Fighter on Dec 15, 2023.
             Was a High Priest of Okawaru.
             Annihilated by an ettin
             ... wielding a +0 dire flail
              (45 damage)
             ... on level 2 of the Orcish Mines.
             The game lasted 00:37:21 (18969 turns).

Peloso the Carver (Minotaur Fighter)               Turns: 18969, Time: 00:37:21

Health: -24/168    AC: 14    Str: 21    XL:     12   Next: 98%
Magic:  12/12      EV: 13    Int:  5    God:    Okawaru [*****.]
Gold:   2381       SH: 12    Dex: 15    Spells: 11/11 levels left

rFire   . . .        a - +1 scimitar (elec)
rCold   + . .        d - +0 kite shield
rNeg    . . .        G - quicksilver dragon scales
rPois   .            I - +1 hat "Zoacuffa" {rC+}
rElec   .            (no cloak)
rCorr   +            (no gloves)
SInv    .            (no boots)
Will    +....        (no amulet) Stlth
                     q - ring of resist corrosion
HPRegen 0.48/turn    (no ring)
MPRegen 0.13/turn

%: no passive effects
@: berserking (expiring), studying Ranged Weapons, very quick
A: horns 2, retaliatory headbutt
a: Renounce Religion, Heroism, Finesse, Duel


You were on level 2 of the Orcish Mines.
You worshipped Okawaru.
Okawaru was extremely pleased with you.
You visited 4 branches of the dungeon, and saw 15 of its levels.
You also visited: Sewer, Bailey and Gauntlet.

You collected 2501 gold pieces.
You spent 120 gold pieces at shops.

Inventory:

Hand Weapons
 a - a +1 scimitar of electrocution (weapon)
 b - the +8 mace of Pain and Death {flame, *Corrode Str+5 Dex+5}
   (You found it in a bailey)

   Str:       It affects your strength (+5).
   Dex:       It affects your dexterity (+5).
   *Corrode:  It may corrode you when you take damage.
Missiles
 o - 3 throwing nets (quivered)
Armour
 c - a +1 chain mail
 d - a +0 kite shield (worn)
 i - a +1 hat
 G - quicksilver dragon scales (worn)
 I - the +1 hat "Zoacuffa" (worn) {rC+}
   (You found it in a Gauntlet)

   rC:        It protects you from cold.
Jewellery
 q - a ring of resist corrosion (left hand)
 s - a ring of fire
 L - a ring of ice
 M - an amulet of magic regeneration
 O - a +5 ring of evasion
Wands
 n - a wand of paralysis (26)
 D - a wand of digging (2)
 J - a wand of flame (37)
Scrolls
 e - 3 scrolls of fog
 g - a scroll of teleportation
 h - 3 scrolls of enchant weapon
 k - a scroll of fear
 r - 5 scrolls of amnesia
 u - 2 scrolls of poison
 y - a scroll of summoning
 H - 2 scrolls of enchant armour
 N - a scroll of magic mapping
 P - a scroll of immolation {unknown}
Potions
 f - 5 potions of heal wounds
 j - 5 potions of might
 l - 2 potions of flight
 m - 4 potions of curing
 p - a potion of resistance
 t - a potion of cancellation
 v - 3 potions of haste
 w - 3 potions of mutation
 x - a potion of berserk rage
 z - 3 potions of brilliance {unknown}
 B - a potion of invisibility {unknown}
 C - 3 potions of ambrosia {unknown}
 E - 2 potions of magic {unknown}
 F - 2 potions of experience {unknown}
 K - 4 potions of degeneration {unknown}


   Skills:
 + Level 11.9 Fighting
 + Level 14.4 Long Blades
 + Level 7.4 Maces & Flails
 + Level 10.3 Armour
 + Level 6.7 Dodging
 + Level 3.1 Stealth
 + Level 12.2 Shields
 + Level 1.9 Invocations
 + Level 1.7 Evocations


You had 11 spell levels left.
You didn't know any spells.
Your spell library contained the following spells:

 Spells                   Type           Power      Damage    Failure   Level
 Sandblast                Erth           0%         2d4       80%         1
 Sting                    Tmut/Pois      0%         1d3       80%         1
 Passwall                 Tmut/Erth      0%         N/A       90%         2
 Poisonous Vapours        Pois/Air       0%         N/A       90%         2
 Static Discharge         Conj/Air       0%         2-2/arc   90%         2
 Hailstorm                Conj/Ice       0%         3d3       99%         3
 Ignite Poison            Fire/Tmut/Pois 0%         N/A       99%         3
 Stone Arrow              Conj/Erth      0%         3d7       99%         3
 Airstrike                Air            0%         2d(0-16)  100%        4
 Ice Form                 Ice/Tmut       0%         N/A       100%        4
 Leda's Liquefaction      Hex/Erth       0%         N/A       100%        4
 Olgreb's Toxic Radiance  Pois           0%         N/A       100%        4
 Sticky Flame             Conj/Fire      0%         2d3       100%        4
 Lee's Rapid Deconstruct  Erth           0%         3d4*      100%        5
 Statue Form              Tmut/Erth      0%         N/A       100%        6
 Ignition                 Fire           0%         3d3       100%        8
 Summon Small Mammal      Summ           Unusable   N/A       N/A         1
 Call Canine Familiar     Summ           Unusable   N/A       N/A         3
 Summon Guardian Golem    Hex/Summ       Unusable   N/A       N/A         3
 Summon Lightning Spire   Summ/Air       Unusable   N/A       N/A         4
 Simulacrum               Ice/Necr       Unusable   N/A       N/A         6

Dungeon Overview and Level Annotations

Branches:
Dungeon (11/15)            Temple (1/1) D:6            Lair (1/5) D:9
    Orc (2/2) D:9             Elf (0/3) Orc:2         Sewer (visited)
 Bailey (visited)         Gauntlet (visited)

Altars:
Ashenzari
Cheibriados
Dithmenos
Elyvilon
Fedhas
Gozag
Hepliaklqana
Kikubaaqudgha
Makhleb
Nemelex Xobeh
Okawaru
Qazlal
Ru
Sif Muna
Trog
Uskayaw
Vehumet
Wu Jian
Xom
Yredelemnul
Zin
The Shining One

Shops:
D:2 *   Orc:1 [   Orc:2 (*=

Annotations:
Lair:1 1 runed translucent door, Uroxopeg's ghost, journeyman MiFi


Innate Abilities, Weirdness & Mutations

You have a pair of horns on your head.
You reflexively headbutt those who attack you in melee.


Message History

A red film seems to cover your vision as you go berserk!
You feel yourself moving faster!
You feel mighty!
The cyclops shouts!
You barely miss the ettin. You block the ettin's attack.
The ettin hits you with a +0 great mace!!
The cyclops throws a large rock.
You block the large rock.
You hit the ettin but do no damage. Lightning courses through the ettin!
The ettin is lightly wounded.
The orc priest begins to cast a cantrip, but forgets the words!
The ettin hits you with a +0 dire flail!
You block the ettin's attack.
You hit the ettin but do no damage. Your headbutt misses the ettin.
The ettin is lightly wounded.
You hit the ettin. Lightning courses through the ettin!
You headbutt the ettin, but do no damage.
The ettin is heavily wounded.
The cyclops throws a large rock.
The large rock hits you!! The ettin misses you.
The ettin hits you with a +0 great mace!!
* * * LOW HITPOINT WARNING * * *
The orc priest calls down the wrath of Beogh upon you.
Beogh smites you!
* * * LOW HITPOINT WARNING * * *
You hit the ettin but do no damage.
The ettin is heavily wounded.
You completely miss the ettin.
The ettin is heavily wounded.
The ettin hits you with a +0 dire flail!
* * * LOW HITPOINT WARNING * * *
The ettin closely misses you.
Unknown command.
You slash the ettin!
The ettin is severely wounded.
Unknown command.
You slash the ettin!
The ettin is severely wounded.
An orc wizard appears from thin air!
Reactivating autopickup.
The ettin hits you with a +0 dire flail!!!
You die...

...##.C#.......P..P....
...#.o.###.##...........
....#o#.#...##.#........
.#...#.o....#...........
#.#.###.#.C.o...........
....# ##......{.........
#.... ##.#o.oo#........
..... ####.ooC#.......
#.#.. ##..#@.....C. ##..
#####...#... # #......
#..... ..... .... ...
.##


You could see an ettin, 2 cyclopes, an orc warrior, an orc priest, 3 orc wizards
and an orc.

Vanquished Creatures
  A reaper (Gauntlet)
  A stone giant (Orc:2)
  A minotaur (Gauntlet)
  Snorg (D:10)
  An ettin (Orc:1)
  Fannar (Orc:1)
  A catoblepas (Lair:1)
  4 two-headed ogres
  A death yak (Lair:1)
  Amaemon (D:9)
  A wizard (Gauntlet)
  An orc knight (Orc:1)
  6 cyclopes
  An ugly thing (D:11)
  A manticore (D:11)
  2 black mambas (Lair:1)
  An orange demon (D:9)
  2 cane toads (Lair:1)
  Psyche (D:10)
  2 rime drakes
  4 trolls
  4 hornets
  4 spriggans
  A shadow (D:11)
  5 humans
  3 wraiths
  2 steam dragons
  A basilisk (Lair:1)
  10 yaks
  3 water moccasins
  7 ice beasts
  3 black bears
  11 orc warriors
  6 ogres
  5 centaurs
  4 wolves
  A phantom (D:6)
  3 kobold brigands
  3 bullfrogs
  A gnoll sergeant (D:6)
  2 scorpions (D:4)
  7 wights (D:10)
  10 howler monkeys
  10 orc priests
  Crazy Yiuf (D:7)
  6 hounds
  2 iguanas (D:5)
  15 orc wizards
  2 sleepcaps
  5 hell rats (Lair:1)
  21 gnolls
  13 adders
  16 river rats
  5 shadow imps
  2 white imps
  An ufetubus (D:4)
  2 worms
  72 orcs
  12 ball pythons
  4 endoplasms
  7 giant cockroaches
  35 goblins
  25 hobgoblins
  2 jackals (D:2)
  16 kobolds
  6 quokkas
  7 bats
  8 frilled lizards
  25 rats
451 creatures vanquished.

Vanquished Creatures (others)
  2 orcs (D:9)
2 creatures vanquished.

Grand Total: 453 creatures vanquished

Notes
Turn   | Place    | Note
-------+----------+-------------------------------------------
     0 | D:1      | Peloso the Minotaur Fighter began the quest for the Orb.
     0 | D:1      | Reached XP level 1. HP: 19/19 MP: 0/0
   266 | D:1      | Reached XP level 2. HP: 27/27 MP: 1/1
   965 | D:2      | Found Nozit's Assorted Antiques.
   975 | D:2      | Reached XP level 3. HP: 29/33 MP: 2/2
  1013 | D:2      | Reached skill level 3 in Long Blades
  1305 | D:2      | Bought a sapphire potion for 28 gold pieces
  1305 | D:2      | Bought a fizzy black potion for 28 gold pieces
  1305 | D:2      | Bought a scroll labelled TAIJAQ RETEWUM for 32 gold pieces
  1637 | D:2      | Bought a scroll labelled VOETUJ MOYCILIYPS for 32 gold
                  | pieces
  1786 | D:3      | Reached XP level 4. HP: 33/40 MP: 3/3
  2177 | D:3      | Reached skill level 4 in Long Blades
  2439 | D:3      | Reached XP level 5. HP: 43/47 MP: 4/4
  2762 | D:3      | Reached skill level 5 in Armour
  2970 | D:3      | Reached XP level 6. HP: 53/53 MP: 5/5
  2974 | D:3      | Reached skill level 5 in Long Blades
  3940 | D:4      | Reached skill level 1 in Dodging
  4157 | D:4      | Reached skill level 5 in Fighting
  4334 | D:4      | Reached skill level 6 in Long Blades
  4334 | D:4      | Reached XP level 7. HP: 48/61 MP: 6/6
  4737 | D:5      | Entered Level 5 of the Dungeon
  4745 | D:5      | Reached skill level 5 in Shields
  4994 | D:5      | Reached skill level 7 in Long Blades
  5533 | D:6      | Reached XP level 8. HP: 30/70 MP: 7/7
  5782 | D:6      | Found a glowing drain.
  5823 | Sewer    | Entered a sewer
  5969 | Sewer    | Reached skill level 8 in Long Blades
  6224 | Sewer    | Identified a scroll of acquirement
  6224 | Sewer    | Acquired 846 gold pieces
  6368 | D:6      | Found a staircase to the Ecumenical Temple.
  6390 | Temple   | Entered the Ecumenical Temple
  7195 | D:7      | Reached skill level 9 in Long Blades
  7583 | D:7      | Reached XP level 9. HP: 53/78 MP: 8/8
  7737 | D:8      | Reached skill level 10 in Long Blades
  7787 | D:8      | Found a flagged portal.
  7804 | Bailey   | Entered a bailey
  8102 | Bailey   | Noticed a two-headed ogre
  8128 | Bailey   | Reached skill level 1 in Stealth
  8130 | Bailey   | Killed a two-headed ogre
  8131 | Bailey   | Reached skill level 11 in Long Blades
  8131 | Bailey   | Reached skill level 1 in Evocations
  8173 | Bailey   | Identified the +8 mace of Pain and Death {flame, *Corrode
                  | Str+5 Dex+5}
  8358 | D:8      | Reached XP level 10. HP: 84/88 MP: 9/9
  8770 | D:8      | Found an iron altar of Okawaru.
  8770 | D:8      | Found a bloodstained altar of Trog.
  8795 | D:8      | Became a worshipper of Warmaster Okawaru
  9386 | D:7      | Found a runed translucent door.
  9387 | D:7      | Noticed Crazy Yiuf
  9440 | D:7      | Killed Crazy Yiuf
  9535 | D:9      | Reached * piety under Okawaru
  9718 | D:9      | Found a staircase to the Orcish Mines.
 10018 | D:9      | Reached skill level 12 in Long Blades
 10045 | D:9      | Reached ** piety under Okawaru
 10066 | D:9      | Noticed an orange demon
 10085 | D:9      | Killed an orange demon
 10114 | D:9      | Noticed Amaemon
 10345 | D:9      | Killed Amaemon
 10840 | D:9      | Reached XP level 11. HP: 75/97 MP: 10/10
 11091 | D:9      | Found a staircase to the Lair.
 11533 | D:10     | Entered Level 10 of the Dungeon
 11546 | D:10     | Noticed Snorg
 11564 | D:10     | Killed Snorg
 11564 | D:10     | Reached *** piety under Okawaru
 11743 | D:10     | Noticed Psyche
 11756 | D:10     | Killed Psyche
 11757 | D:10     | Reached skill level 1 in Maces & Flails
 11996 | D:10     | Found a burning altar of Makhleb.
 12120 | D:10     | Noticed a two-headed ogre
 12130 | D:10     | Killed a two-headed ogre
 12130 | D:10     | Received a gift from Okawaru
 12131 | D:10     | Reached skill level 13 in Long Blades
 12131 | D:10     | Reached skill level 1 in Invocations
 12159 | D:10     | Noticed a two-headed ogre
 12168 | D:10     | Killed a two-headed ogre
 12406 | D:10     | Found a shimmering blue altar of Sif Muna.
 12698 | D:11     | Reached skill level 10 in Shields
 12720 | D:11     | Noticed a two-headed ogre
 12731 | D:11     | Killed a two-headed ogre
 12732 | D:11     | Reached skill level 10 in Fighting
 12732 | D:11     | Reached skill level 5 in Dodging
 12737 | D:11     | Found a gate leading to a gauntlet.
 12758 | Gauntlet | Entered a Gauntlet
 12758 | Gauntlet | Found a transporter.
 12768 | Gauntlet | Found a transporter.
 12770 | Gauntlet | Found a transporter.
 12772 | Gauntlet | Found a transporter.
 12774 | Gauntlet | Found a large runed translucent door.
 12774 | Gauntlet | Found a large runed translucent door.
 12775 | Gauntlet | Found a large runed translucent door.
 12775 | Gauntlet | Found a large runed translucent door.
 12798 | Gauntlet | Noticed a wizard
 12800 | Gauntlet | Found a transporter.
 12802 | Gauntlet | Found a transporter.
 12817 | Gauntlet | Found a transporter.
 12833 | Gauntlet | Found a transporter.
 12840 | Gauntlet | Noticed a reaper
 12841 | Gauntlet | Found a transporter.
 12850 | Gauntlet | Noticed a blizzard demon
 12858 | Gauntlet | Found a transporter.
 12877 | Gauntlet | Found a transporter.
 12886 | Gauntlet | Noticed a sixfirhy
 12888 | Gauntlet | Noticed a sixfirhy
 12889 | Gauntlet | Found a transporter.
 12897 | Gauntlet | Found a large runed translucent door.
 12898 | Gauntlet | Found a large runed translucent door.
 12899 | Gauntlet | Found a large runed translucent door.
 12899 | Gauntlet | Found a large runed translucent door.
 12900 | Gauntlet | Found a runed translucent gate.
 12901 | Gauntlet | Found a transporter.
 12901 | Gauntlet | Found a runed translucent gate.
 12902 | Gauntlet | Found a runed translucent gate.
 12903 | Gauntlet | Found a large runed translucent door.
 12903 | Gauntlet | Found a large runed translucent door.
 12904 | Gauntlet | Found a large runed translucent door.
 12905 | Gauntlet | Found a large runed translucent door.
 12910 | Gauntlet | Noticed a quicksilver ooze
 12913 | Gauntlet | Found a transporter.
 12925 | Gauntlet | Found a transporter.
 12945 | Gauntlet | Found a transporter.
 12962 | Gauntlet | Found a transporter.
 12964 | Gauntlet | Found a transporter.
 13141 | Gauntlet | Paralysed by a hornet for 1 turns
 13142 | Gauntlet | Received a gift from Okawaru
 13143 | Gauntlet | Paralysed by a hornet for 2 turns
 13158 | Gauntlet | Identified the +6 glaive "Arcanum" {protect, rN+}
 13342 | Gauntlet | Found a large runed translucent door.
 13342 | Gauntlet | Found a large runed translucent door.
 13342 | Gauntlet | Found a runed translucent door.
 13342 | Gauntlet | Found a runed translucent door.
 13363 | Gauntlet | Killed a wizard
 13364 | Gauntlet | Reached skill level 10 in Armour
 13413 | Gauntlet | Killed a reaper
 13413 | Gauntlet | Reached **** piety under Okawaru
 13428 | Gauntlet | Identified the +1 hat "Zoacuffa" {rC+}
 13575 | Gauntlet | Noticed a minotaur
 13589 | Gauntlet | Killed a minotaur
 13590 | Gauntlet | Reached skill level 5 in Maces & Flails
 14032 | D:11     | Noticed a brown ugly thing
 14048 | D:11     | Killed a brown ugly thing
 14056 | D:11     | Reached ***** piety under Okawaru
 14057 | D:11     | Reached XP level 12. HP: 49/107 MP: 12/12
 14848 | Lair:1   | Entered Level 1 of the Lair of Beasts
 14898 | Lair:1   | Found a runed translucent door.
 14902 | Lair:1   | Received a gift from Okawaru
 15166 | Lair:1   | Noticed a death yak
 15174 | Lair:1   | Killed a death yak
 15354 | Lair:1   | Noticed a catoblepas
 15367 | Lair:1   | Killed a catoblepas
 16503 | Lair:1   | Noticed Uroxopeg's ghost (journeyman MiFi)
 16626 | Orc:1    | Entered Level 1 of the Orcish Mines
 16655 | Orc:1    | Noticed Fannar
 16668 | Orc:1    | Killed Fannar
 16844 | Orc:1    | Found Guluczou's Armour Shop.
 17289 | Orc:1    | Reached skill level 14 in Long Blades
 17590 | Orc:2    | Entered Level 2 of the Orcish Mines
 17685 | Orc:2    | Found Loiqyedgh's General Store.
 17686 | Orc:2    | Noticed an ettin
 17711 | Orc:2    | HP: 1/110 [cyclops/large rock (35)]
 18012 | Orc:1    | Killed an ettin
 18375 | Orc:2    | Found a staircase to the Elven Halls.
 18412 | Orc:2    | Noticed a stone giant
 18413 | Orc:2    | Found Vust's Antique Weapon Shop.
 18726 | Orc:2    | Killed a stone giant
 18726 | Orc:2    | Received a gift from Okawaru
 18926 | Orc:2    | Found Vynuel's Jewellery Emporium.
 18939 | Orc:2    | Noticed an ettin
 18969 | Orc:2    | Annihilated by an ettin

Illustrated notes

Levels and vault maps discovered:
D:1:      ldierk_walled_garden_2, layout_loops_corners, minmay_fountain_box
D:2:      layout_rooms, serial_shops, nicolae_shop_hallway_stairs,
          mrwooster_statue_mirror, serial_bayou_pond_c
D:3:      minmay_goblin_kobold_castle, layout_basic, minivault_5
D:4:      layout_basic, corner_web_ring
D:5:      layout_rooms, nicolae_half_adder
D:6:      layout_basic, minmay_temple_entry_fiery, gup_sewer_entry_glass
D:7:      layout_layer_cave, minmay_ruffians, uniq_crazy_yiuf_cottage
D:8:      layout_basic, grunt_temple_overflow_bloody_war, enter_bailey_3
D:9:      layout_basic, hellmonk_lair_entry_icy, hiddenorc2_lemuel, uniq_amaemon
D:10:     layout_basic, kennysheep_mini_moat, kennysheep_mini, uniq_psyche,
          uniq_snorg
D:11:     layout_gridville, gauntlet_entry_generic
Temple:   nicolae_temple_no_exploring_needed
Lair:1:   lemuel_ratsnest, layout_regular_city, ebering_ghost_reflecting_pool,
          grunt_forest_large_clearing_hut
Orc:1:    layout_caves, serial_shops, shop, nicolae_orc_lost_temple, uniq_fannar
Orc:2:    grunt_orc_gardens, layout_caves, grunt_orc_garden, grunt_orc_garden,
          grunt_orc_garden, grunt_orc_garden

Skill      XL: |  1  2  3  4  5  6  7  8  9 10 11 12 |
---------------+-------------------------------------+-----
Fighting       | 4 5 6 7 9 10 11 | 11.9
Shields        | 4 5 6 7 9 10 12 | 12.2
Armour         | 4 5 6 8 9 10 | 10.3
Long Blades    | 3 4 6 7 9 11 12 13 14 | 14.4
Dodging        | 1 2 3 5 6 |  6.7
Stealth        | 1 2 3 |  3.1
Evocations     | 1 |  1.7
Maces & Flails | 5 7 |  7.4
Invocations    | 1 |  1.9

Action                     |  1- 3 |  4- 6 |  7- 9 | 10-12 || total
---------------------------+-------+-------+-------+-------++-------
  Melee: Long sword        |   141 |   202 |   310 |   406 ||  1059
         Headbutt          |    19 |    35 |    58 |   180 ||   292
         Mace              |       |       |       |   125 ||   125
         Scimitar          |       |       |       |   295 ||   295
 Invoke: Heroism           |       |       |       |    12 ||    12
  Evoke: Wand              |       |       |    11 |       ||    11
    Use: Potion            |     4 |       |     2 |     5 ||    11
         Scroll            |       |     4 |     8 |    10 ||    22
   Stab: Distracted        |       |       |       |     1 ||     1
         Sleeping          |       |       |       |     1 ||     1
 Armour: Scale mail        |    11 |       |       |       ||    11
         Chain mail        |    70 |   122 |   170 |       ||   362
         Quicksilver drago |       |       |     2 |   245 ||   247
  Dodge: Dodged            |    54 |   107 |   110 |   295 ||   566
  Block: Buckler           |    26 |    82 |    22 |       ||   130
         Kite shield       |       |       |   103 |   463 ||   566
